 Dungeon Crawl Stone Soup version 0.26-a0-264-g3a471323bd (webtiles) character file.

Game seed: 15440580446085952162

104 BritishOli the Skirmisher (level 4, -3/35 HPs)
             Began as a Demonspawn Fighter on July 11, 2020.
             Was an Initiate of Okawaru.
             Killed by nerve-wracking pain
             ... invoked by an orc priest
              (11 damage)
             ... on level 3 of the Dungeon.
             The game lasted 00:01:18 (1660 turns).

BritishOli the Skirmisher (Demonspawn Fighter)      Turns: 1660, Time: 00:01:18

Health: -3/35      AC: 10    Str: 17    XL:     4   Next: 52%
Magic:  4/4        EV:  7    Int: 10    God:    Okawaru [......]
Gold:   66         SH:  9    Dex: 12    Spells: 3/3 levels left

rFire    . . .     SeeInvis .   a - +0 long sword
rCold    . . .     Faith    .   c - +0 kite shield
rNeg     . . .     Spirit   .   b - +0 scale mail
rPois    .         Reflect  .   l - +0 helmet
rElec    .         Harm     .   (no cloak)
rCorr    .                      (no gloves)
MR       .....                  (no boots)
Stlth    ..........             (no amulet)
HPRegen  0.11/turn              (no ring)
MPRegen  0.09/turn              (no ring)

@: no status effects
A: molten scales 1
a: Renounce Religion


You were on level 3 of the Dungeon.
You worshipped Okawaru.
Okawaru was noncommittal.
You were not hungry.

You visited 1 branch of the dungeon, and saw 3 of its levels.

You collected 66 gold pieces.

Inventory:

Hand Weapons
 a - a +0 long sword (weapon)
Armour
 b - a +0 scale mail (worn)
 c - a +0 kite shield (worn)
 l - a +0 helmet (worn)
Jewellery
 g - an uncursed ring of protection from fire {unknown}
Scrolls
 e - 2 scrolls of immolation {unknown}
 h - a scroll of random uselessness {unknown}
 i - a scroll of remove curse {unknown}
 j - a scroll of teleportation {unknown}
 m - a scroll of blinking {unknown}
 o - a scroll of amnesia {unknown}
 r - 2 scrolls of identify {unknown}
Potions
 d - a potion of might
 k - a potion of curing {unknown}
 n - a potion of lignification {unknown}
 p - a potion of stabbing {unknown}
 q - a potion of ambrosia {unknown}
 s - a potion of heal wounds {unknown}
Comestibles
 f - 3 rations


   Skills:
 + Level 3.5 Fighting
 * Level 3.0 Long Blades
 + Level 3.2 Armour
 + Level 3.2 Shields


You had 3 spell levels left.
You didn't know any spells.
Your spell library was empty.

Dungeon Overview and Level Annotations

Branches:
Dungeon (3/15)

Altars:
Nemelex Xobeh
Okawaru
Qazlal
Xom


Innate Abilities, Weirdness & Mutations

You are partially covered in molten scales. (AC +2)


Message History

You aren't carrying any items that you can evoke.
Your shield prevents you from hitting the orc priest.
The orc priest is heavily wounded.
The orc priest barely misses you.
You closely miss the orc priest.
The orc priest is heavily wounded.
The orc priest calls upon Beogh to heal the orc.
The orc's wounds heal themselves!
The orc priest hits you but does no damage.
You completely miss the orc priest.
The orc priest is heavily wounded.
The orc priest barely misses you.
You riposte.
You completely miss the orc priest.
The orc priest is heavily wounded.
Unknown command.
You closely miss the orc priest.
The orc priest is heavily wounded.
The orc priest invokes the aid of Beogh against you.
Pain shoots through your body!
You die...

.# .#
##.## ....
#o.#
#.#####ow#
......roo#
#o# #@#
#.# #.#
#.# #.#
#.#####
#.....#
#####.#
#.#


You could see a worm, an orc priest, 4 orcs and a quokka.

Vanquished Creatures
  Natasha (D:2)
  2 adders (D:2)
  A worm (D:2)
  3 dart slugs
  3 leopard geckos
  An orc (D:3)
  3 giant cockroaches
  10 hobgoblins
  3 jackals (D:2)
  A quokka (D:2)
  4 bats (D:1)
  3 frilled lizards (D:1)
  5 goblins
  4 kobolds
  5 rats
49 creatures vanquished.

Notes
Turn   | Place    | Note
-------+----------+-------------------------------------------
     0 | D:1      | BritishOli the Demonspawn Fighter began the quest for the
                  | Orb.
     0 | D:1      | Reached XP level 1. HP: 18/18 MP: 1/1
   101 | D:1      | Gained mutation: You are partially covered in molten
                  | scales. (AC +2) [demonic ancestry]
   101 | D:1      | Reached XP level 2. HP: 24/24 MP: 2/2
   106 | D:1      | Found a sparkling altar of Nemelex Xobeh.
   720 | D:2      | Reached XP level 3. HP: 27/29 MP: 3/3
  1125 | D:2      | Found a shimmering altar of Xom.
  1128 | D:2      | Found an iron altar of Okawaru.
  1131 | D:2      | Found a stormy altar of Qazlal.
  1259 | D:2      | Reached XP level 4. HP: 33/35 MP: 4/4
  1330 | D:2      | Became a worshipper of Warmaster Okawaru
  1403 | D:2      | Noticed Natasha
  1412 | D:2      | Killed Natasha
  1660 | D:3      | Killed from afar by an orc priest

Illustrated notes

Levels and vault maps discovered:
D:1:      minmay_arrival_widening_spiral_wide, layout_loops_ring,
          nemelex_xobeh_ov_fountains_minmay
D:2:      layout_loops_ring, grunt_temple_overflow_diamond, uniq_natasha
D:3:      layout_loops_ring, okawaru_metal_pillars_1_2

Skill      XL: |  1  2  3  4 |
---------------+-------------+-----
Long Blades    | 2 3 |  3.0
Shields        | 3 |  3.2
Armour         | 3 |  3.2
Fighting       | |  3.5

Action                   |  1- 3 |  4- 6 || total
-------------------------+-------+-------++-------
Melee: Long sword        |   113 |    46 ||   159
  Eat: Ration            |     1 |       ||     1
Armor: Scale mail        |    65 |    16 ||    81
Dodge: Dodged            |    32 |    12 ||    44
Block: Kite shield       |    53 |    13 ||    66
       Rpst.: Long sword |     7 |     3 ||    10

Table legend:
 A = Non-vault XP
 B = Vault XP
 C = Vault XP percentage of total XP
 D = Non-vault monster count
 E = Vault monster count
 F = Vault count percentage of total count
                 A         B        C        D         E       F
            +---------+---------+-------+---------+---------+-------
      Total |     116 |      33 |  22.1 |      48 |       1 |   2.0
            +---------+---------+-------+---------+---------+-------
        D:1 |      38 |       0 |   0.0 |      23 |       0 |   0.0
        D:2 |      72 |      33 |  31.4 |      21 |       1 |   4.5
        D:3 |       6 |       0 |   0.0 |       4 |       0 |   0.0
            +---------+---------+-------+---------+---------+-------
